 Dungeon Crawl Stone Soup version 0.25.1-2-g60ff931df9 (webtiles) character file.

Game seed: 868967725170932365

9024 DerHeimlicheVerehrer the Basher (level 11, 0/66 HPs)
             Began as a Gargoyle Fighter on Aug 11, 2020.
             Was a Priest of the Shining One.
             Killed by refrigeration
             ... invoked by Fannar
              (4 damage)
             ... on level 11 of the Dungeon.
             The game lasted 00:42:39 (11295 turns).

DerHeimlicheVerehrer the Basher (Gargoyle Fighter) Turns: 11295, Time: 00:42:40

Health: 0/66       AC: 22    Str: 22    XL:     11   Next: 40%
Magic:  0/11       EV:  6    Int: 10    God:    the Shining One [***...]
Gold:   530        SH: 21    Dex:  9    Spells: 10/10 levels left

rFire    . . .     SeeInvis +   b - +4 whip
rCold    . . .     Gourm    .   c - +1 kite shield
rNeg     + + .     Faith    .   y - +0 plate armour
rPois    ∞         Spirit   +   (no helmet)
rElec    +         Reflect  .   (no cloak)
rCorr    .         Harm     .   (no gloves)
MR       .....                  o - +0 pair of boots
Stlth    ..........             E - brooch of Shielding {Spirit SH+8}
HPRegen  0.21/turn              q - ring of see invisible
MPRegen  0.12/turn              U - +4 ring of slaying

@: glowing
A: negative energy resistance 1, electricity resistance, unbreathing,
petrification resistance, rot immunity, AC +8
a: Divine Shield, Renounce Religion


You were on level 11 of the Dungeon.
You worshipped the Shining One.
The Shining One was most pleased with you.
You were not hungry.

You visited 1 branch of the dungeon, and saw 11 of its levels.

You collected 530 gold pieces.

Inventory:

Hand Weapons
 b - a +4 whip (weapon)
Missiles
 P - 7 boomerangs of dispersal (quivered)
Armour
 c - a +1 kite shield (worn)
 o - a +0 pair of boots (worn)
 y - a +0 plate armour (worn)
Jewellery
 h - an uncursed ring of poison resistance {unknown}
 j - an uncursed amulet of guardian spirit {unknown}
 q - a ring of see invisible (left hand)
 E - the brooch of Shielding (around neck) {Spirit SH+8}
   (You found it on level 5 of the Dungeon)

   [amulet of guardian spirit]

   It causes incoming damage to be split between your health and magic.
   It affects your SH (+8).
 U - a +4 ring of slaying (right hand)
 W - an uncursed ring of magical power {unknown}
Wands
 l - a wand of flame (15)
 A - a wand of iceblast (7)
 I - a wand of digging (6)
 V - a wand of polymorph (6)
 Z - a wand of paralysis (10)
Scrolls
 g - 4 scrolls of magic mapping
 i - 5 scrolls of remove curse
 m - 4 scrolls of enchant armour
 n - 2 scrolls of enchant weapon
 p - a scroll of brand weapon
 t - 2 scrolls of amnesia
 v - 4 scrolls of immolation
 x - 5 scrolls of teleportation
 B - 5 scrolls of blinking
 H - 2 scrolls of random uselessness
 K - a scroll of vulnerability {unknown}
 N - a scroll of fear {unknown}
 Q - a scroll of fog {unknown}
 R - a scroll of noise {unknown}
 S - a scroll of acquirement {unknown}
 T - a scroll of holy word {unknown}
Potions
 a - a potion of flight {unknown}
 d - a potion of might
 k - 6 potions of heal wounds {unknown}
 r - 2 potions of ambrosia {unknown}
 s - 2 potions of mutation {unknown}
 u - a potion of curing {unknown}
 w - 3 potions of magic
 z - 3 potions of degeneration {unknown}
 C - a potion of cancellation {unknown}
 D - 2 potions of stabbing {unknown}
 O - a potion of resistance {unknown}
Comestibles
 f - 19 rations
 F - 7 chunks of flesh


   Skills:
 + Level 6.4 Fighting
 * Level 12.1 Maces & Flails
 + Level 6.9 Armour
 - Level 0.3 Dodging
 - Level 0.2 Stealth
 * Level 11.4 Shields


You had 10 spell levels left.
You didn't know any spells.
Your spell library contained the following spells:

 Spells                   Type           Power        Failure   Level  Hunger
 Animate Skeleton         Necr           N/A          100%        1    ##.....
 Foxfire                  Conj/Fire      #...         100%        1    ##.....
 Magic Dart               Conj           #...         100%        1    ##.....
 Pain                     Necr           #...         100%        1    ##.....
 Blink                    Tloc           N/A          100%        2    ###....
 Call Imp                 Summ           #.......     100%        2    ###....
 Searing Ray              Conj           #.....       100%        2    ###....
 Slow                     Hex            #.......     100%        2    ###....
 Conjure Flame            Conj/Fire      #.......     100%        3    ####...
 Dazzling Flash           Conj/Hex       #.....       100%        3    ####...
 Inner Flame              Hex/Fire       #.......     100%        3    ####...
 Mephitic Cloud           Conj/Pois/Air  #.......     100%        3    ####...
 Vampiric Draining        Necr           #.........   100%        3    ####...
 Animate Dead             Necr           N/A          100%        4    #####..
 Fulminant Prism          Conj/Hex       #.........   100%        4    #####..
 Iskenderun's Mystic Bla  Conj/Tloc      #.......     100%        4    #####..
 Sticky Flame             Conj/Fire      #.......     100%        4    #####..
 Agony                    Necr           #.......     100%        5    ######.
 Fireball                 Conj/Fire      #.........   100%        5    ######.


Dungeon Overview and Level Annotations

Branches:
Dungeon (11/15)            Temple (0/1) D:4            Lair (0/6) D:9
    Orc: D:9-12

Altars:
Ashenzari
Cheibriados
Dithmenos
Fedhas
Gozag
Nemelex Xobeh
Okawaru
Qazlal
Ru
Trog
Uskayaw
Xom
The Shining One

Shops:
D:4 !   D:6 =

Annotations:
D:11 Fannar


Innate Abilities, Weirdness & Mutations

You are resistant to torment.
Your stone body is resilient. (AC +8)
You are immune to poison.
You resist negative energy. (rN+)
You are resistant to electric shocks. (rElec)
You can survive without breathing.
You are immune to petrification.
You are immune to rotting.


Message History

Fannar is moderately wounded.
Fannar glares icily.
Fannar points at you and mumbles some strange words.
The bolt of cold hits you!
* * * LOW HITPOINT WARNING * * *
You closely miss Fannar.
Fannar is moderately wounded.
It was a potion of magic.
Magic courses through your body. You block Fannar's attack.
You hit Fannar.
Fannar is moderately wounded.
You block Fannar's attack.
You whack Fannar!
Fannar is heavily wounded.
You barely miss Fannar.
Fannar is heavily wounded.
Fannar casts a spell.
Fannar drains the heat from the surrounding environment!
You feel very cold.
You die...

###.########<#.#
...............# #
.......#####.#.###.#
.......#...........####
....#....#.............
#####.####..+########+.
..........>.#.e......#
##..#.###...#.+####'.#
#..#...#...#.#.@e.#.#
#..#####...#.#.##.#.#
#......#...#.#.##.#.#
#.####.###.#.#....#.#
#.# #.# #.#.'####+.#
#.# #.###.#........#
#.# #.##..'########+
#.# #............. #.#
#############.


You could see Fannar (icy armour).

Vanquished Creatures
  Erolcha (D:9)
  2 two-headed ogres (D:10)
  Joseph (D:9)
  A centaur skeleton (D:10)
  A troll (D:9)
  A queen bee (D:9)
  A wraith (D:9)
  A wyvern (D:9)
  4 yaks (D:10)
  Duvessa (D:4)
  3 sky beasts
  3 ice beasts
  5 orc warriors
  A phantom (D:5)
  The ghost of gwenloh the Skirmisher, an amateur MiFi (D:3)
  A black bear (D:9)
  2 wolves (D:9)
  6 centaurs
  5 ogres
  6 bullfrogs
  A big kobold (D:10)
  Dowan (D:4)
  A scorpion (D:3)
  13 killer bees (D:9)
  3 wights (D:6)
  2 howler monkeys (D:7)
  2 electric eels (D:9)
  3 crimson imps
  2 jellies (D:6)
  A quasit (D:9)
  A bullfrog zombie (D:10)
  An orc priest (D:5)
  11 hounds
  2 bullfrog skeletons
  6 orc wizards
  3 iguanas
  3 worker ants
  A hound zombie (D:8)
  A worker ant zombie (D:6)
  7 gnolls
  6 adders
  2 shadow imps
  An ooze (D:5)
  An adder zombie (D:8)
  2 adder skeletons (D:6)
  3 worms (D:5)
  2 dart slugs (D:1)
  4 leopard geckos
  21 orcs
  A ball python (D:1)
  6 bats
  A giant cockroach (D:1)
  4 hobgoblins
  3 quokkas
  5 frilled lizards
  4 goblins
  14 kobolds
  A quokka skeleton (D:6)
  A quokka zombie (D:6)
  7 rats
201 creatures vanquished.

Notes
Turn   | Place    | Note
-------+----------+-------------------------------------------
     0 | D:1      | DerHeimlicheVerehrer the Gargoyle Fighter began the quest
                  | for the Orb.
     0 | D:1      | Reached XP level 1. HP: 14/14 MP: 1/1
   259 | D:1      | Reached XP level 2. HP: 19/19 MP: 2/2
  1047 | D:2      | Reached XP level 3. HP: 23/23 MP: 3/3
  1092 | D:2      | Found an opulent altar of Gozag.
  1447 | D:3      | Found a runed translucent gate.
  1447 | D:3      | Found a runed translucent gate.
  1447 | D:3      | Found a runed translucent gate.
  1448 | D:3      | Found an opulent altar of Gozag.
  1449 | D:3      | Noticed gwenloh's ghost (amateur MiFi)
  1532 | D:3      | Found a shadowy altar of Dithmenos.
  1535 | D:3      | Found a sparkling altar of Nemelex Xobeh.
  1538 | D:3      | Found a hide-covered altar of Uskayaw.
  1552 | D:3      | Found a glowing golden altar of the Shining One.
  1556 | D:3      | Became a worshipper of the Shining One
  1865 | D:3      | Reached XP level 4. HP: 22/28 MP: 4/4
  1964 | D:3      | Reached skill level 3 in Maces & Flails
  2581 | D:4      | Found Yllues's Distillery.
  2647 | D:4      | Reached XP level 5. HP: 28/33 MP: 5/5
  3041 | D:4      | Found a staircase to the Ecumenical Temple.
  3411 | D:4      | Reached XP level 6. HP: 37/38 MP: 6/6
  3441 | D:4      | Noticed Duvessa
  3442 | D:4      | Noticed Dowan
  3464 | D:4      | Killed Duvessa
  3464 | D:4      | Reached skill level 4 in Maces & Flails
  3464 | D:4      | Reached skill level 5 in Shields
  3492 | D:4      | Killed Dowan
  3852 | D:5      | Entered Level 5 of the Dungeon
  3866 | D:5      | Noticed a phantom
  3872 | D:5      | Found a stormy altar of Qazlal.
  3953 | D:5      | Killed a phantom
  3953 | D:5      | Reached XP level 7. HP: 23/43 MP: 7/7
  4174 | D:5      | HP: 1/43 [ogre/+0 giant club (16)]
  4618 | D:5      | Found the brooch of Shielding {Spirit SH+8}
  4646 | D:5      | Reached skill level 5 in Maces & Flails
  4823 | D:5      | Found a blossoming altar of Fedhas.
  4855 | D:5      | Found an iron altar of Okawaru.
  5101 | D:5      | Found a sacrificial altar of Ru.
  5459 | D:6      | Reached skill level 6 in Maces & Flails
  5459 | D:6      | Reached skill level 5 in Armour
  5566 | D:6      | Reached * piety under the Shining One
  5613 | D:6      | Reached XP level 8. HP: 48/48 MP: 8/8
  5784 | D:6      | Found a shimmering altar of Xom.
  6071 | D:6      | Reached skill level 7 in Maces & Flails
  6175 | D:6      | Found a snail-covered altar of Cheibriados.
  6204 | D:6      | Found Facsod's Jewellery Boutique.
  6674 | D:7      | Reached skill level 8 in Maces & Flails
  6939 | D:3      | Killed gwenloh's ghost
  6941 | D:3      | Reached XP level 9. HP: 53/53 MP: 9/9
  8000 | D:8      | Reached ** piety under the Shining One
  8118 | D:8      | Reached skill level 5 in Fighting
  8378 | D:8      | Reached skill level 9 in Maces & Flails
  9081 | D:9      | Found a bloodstained altar of Trog.
  9160 | D:9      | Found a shattered altar of Ashenzari.
  9173 | D:9      | Found a snail-covered altar of Cheibriados.
  9291 | D:9      | Noticed a troll
  9315 | D:9      | Killed a troll
  9315 | D:9      | Reached skill level 10 in Maces & Flails
  9407 | D:9      | Noticed Erolcha
  9433 | D:9      | Reached XP level 10. HP: 53/59 MP: 10/10
  9462 | D:9      | Killed Erolcha
  9503 | D:9      | Found a staircase to the Lair.
  9631 | D:9      | Reached skill level 11 in Maces & Flails
  9966 | D:9      | Noticed Joseph
  9981 | D:9      | Killed Joseph
  9981 | D:9      | Reached skill level 10 in Shields
 10338 | D:10     | Entered Level 10 of the Dungeon
 10367 | D:10     | Reached XP level 11. HP: 64/64 MP: 11/11
 10592 | D:10     | Noticed a two-headed ogre
 10600 | D:10     | Noticed a two-headed ogre
 10601 | D:10     | Killed a two-headed ogre
 10615 | D:10     | Killed a two-headed ogre
 10615 | D:10     | Reached skill level 12 in Maces & Flails
 10621 | D:10     | Reached *** piety under the Shining One
 11260 | D:11     | Noticed Fannar
 11290 | D:11     | HP: 3/66 [Fannar/bolt of cold (7)]
 11295 | D:11     | Killed from afar by Fannar

Illustrated notes

Levels and vault maps discovered:
D:1:      heliophobic_arrival_enchanted_forest, layout_basic
D:2:      layout_basic, nicolae_gozag_cash_rules_everything_around_me,
          first_ration
D:3:      layout_basic, grunt_temple_overflow_cloverleaf, ebering_ghost_gozag,
          nicolae_underground_beach
D:4:      layout_rooms, minmay_temple_entry_drinking_statues, serial_shops,
          shop, kennysheep_small_spiral, kennysheep_another_room, uniq_duvessa
D:5:      layout_basic, grunt_temple_overflow_forces_of_nature,
          kennysheep_mini_moat, kennysheep_okawaru_gauntlet,
          cheibrodos_sewer_entry_bend
D:6:      layout_loops_corners, lemuel_doored_altar, serial_shops,
          kennysheep_little_box, cheibriados_altar_1
D:7:      layout_loops_cross
D:8:      layout_loops_ring
D:9:      layout_loops_ring, minmay_overflow_temple_star_quad, erik_lair_island,
          david_nohive_1, uniq_erolcha, uniq_joseph
D:10:     layout_rooms, serial_corexii_hall, corexii_hall_statues_u,
          corexii_hall_statues_l, corexii_hall_statues_deadend,
          serial_bayou_pond_a
D:11:     layout_basic, hangedman_decor_slide_cut, minivault_11,
          nicolae_dithmenos_the_darkroom, uniq_fannar

Skill      XL: |  1  2  3  4  5  6  7  8  9 10 11 |
---------------+----------------------------------+-----
Shields        | 4 5 6 8 10 11 | 11.4
Maces & Flails | 3 4 6 8 10 11 12 | 12.1
Armour         | 4 5 6 |  6.9
Fighting       | 4 5 6 |  6.4
Dodging        | |  0.3
Stealth        | |  0.2

Action                   |  1- 3 |  4- 6 |  7- 9 | 10-12 || total
-------------------------+-------+-------+-------+-------++-------
Melee: Flail             |   138 |   248 |   321 |       ||   707
       Whip              |       |       |    35 |   327 ||   362
  Use: Scroll            |       |       |       |    10 ||    10
       Potion            |       |       |       |     1 ||     1
  Eat: Chunk             |     3 |     6 |    12 |     6 ||    27
       Ration            |       |       |     2 |       ||     2
Armor: Scale mail        |    34 |       |       |       ||    34
       Chain mail        |    77 |     4 |       |       ||    81
       Plate armour      |       |   218 |   201 |    77 ||   496
Dodge: Dodged            |    46 |    46 |    39 |    29 ||   160
Block: Kite shield       |    84 |   138 |   162 |   231 ||   615
